 Dungeon Crawl Stone Soup version 0.21-a0-216-g6d3fd91 (webtiles) character file.

1607355 Gorglomux the Coward (level 27, 244/254 HPs)
             Began as a Hill Orc Conjurer on Aug 23, 2017.
             Was a High Priest of Okawaru (penitent).
             Escaped with the Orb
             ... and 3 runes!
             The game lasted 02:08:19 (72779 turns).

Gorglomux the Coward (Hill Orc Conjurer)           Turns: 72779, Time: 02:08:20

Health: 244/254    AC: 40    Str: 24    XL:     27
Magic:  40/40      EV: 11    Int: 15    God:    Okawaru [*]
Gold:   2495       SH: 23    Dex: 11    Spells: 29/29 levels left

rFire    + + +     SeeInvis +   a - +6 broad axe (freeze) {god gift}
rCold    + . .     Gourm    .   s - +0 large shield {AC+3} {god gift}
rNeg     . . .     Faith    +   K - +10 plate armour {rF+}
rPois    +         Spirit   .   x - +2 helmet {SInv} {god gift}
rElec    +         Reflect  .   u - scarf {rC+ rF+} {god gift}
rCorr    .         Harm     .   m - +0 pair of gloves of Gorph {rElec}
MR       +++..                  y - +0 pair of boots
Stlth    ..........             n - amulet of faith
HPRegen  0.52/turn              f - ring of protection from fire
MPRegen  0.27/turn              o - ring of poison resistance

@: drained
A: magic resistance 1, mutation resistance 1
0: Orb of Zot
}: 3/15 runes: decaying, serpentine, silver
a: Renounce Religion


You escaped.
You worshipped Okawaru.
Okawaru was demanding penance.
You were not hungry.

You visited 8 branches of the dungeon, and saw 46 of its levels.
You also visited: Labyrinth and Ossuary.

You collected 6611 gold pieces.
You spent 4116 gold pieces at shops.

Inventory:

Hand Weapons
 a - a +6 broad axe of freezing (weapon) {god gift}
Missiles
 M - 8 silver javelins (quivered) {god gift}
 Z - 5 throwing nets
Armour
 m - the +0 pair of gloves of Gorph (worn) {rElec}
   (You found it on level 4 of the Realm of Zot)

   It insulates you from electricity.
 s - a +0 large shield of protection (worn) {god gift}
 u - a scarf of resistance (worn) {god gift}
 x - a +2 helmet of see invisible (worn) {god gift}
 y - a +0 pair of boots (worn)
 K - a +10 plate armour of fire resistance (worn)
Jewellery
 f - a ring of protection from fire (left hand)
 g - an uncursed ring of resist corrosion
 n - an amulet of faith (around neck)
 o - a ring of poison resistance (right hand)
 N - the ring of Irrepressible Laughter {rN++ MR+}
   (You took it off an ogre mage on level 5 of the Vaults)

   [ring of protection from magic]

   It greatly protects you from negative energy.
   It affects your resistance to hostile enchantments.
Wands
 t - a wand of acid (7/15)
 A - a wand of acid (8/15)
 D - a wand of digging (5/24)
 I - a wand of iceblast (9/15)
 O - a wand of clouds (5/9)
 P - a wand of paralysis (15/24)
Scrolls
 d - 3 scrolls of fog
 h - 11 scrolls of fear
 i - 5 scrolls of immolation
 p - a scroll of holy word
 w - 21 scrolls of remove curse
 B - 4 scrolls of blinking
 E - a scroll of silence
 G - 4 scrolls of recharging
 R - 8 scrolls of identify
 T - 19 scrolls of teleportation
Potions
 c - 10 potions of mutation {!q}
 e - 13 potions of lignification
 j - 4 potions of might
 l - 4 potions of haste
 q - a potion of ambrosia
 r - a potion of cancellation
 v - a potion of flight
 C - a potion of invisibility
 F - 3 potions of heal wounds
 J - 2 potions of agility
 Q - 15 potions of curing
 S - 2 potions of resistance
 V - 2 potions of berserk rage
Miscellaneous
 U - 3 boxes of beasts
 W - a sack of spiders
 X - a phial of floods
 Y - a lamp of fire
Comestibles
 b - 19 bread rations
 z - 21 meat rations


   Skills:
 - Level 22.3(21.9) Fighting
   Level 9.1(8.8) Long Blades
 - Level 19.3(18.9) Axes
 - Level 21.0(20.6) Armour
 + Level 8.4(8.1) Dodging
 - Level 1.5(1.3) Stealth
 - Level 21.4(21.0) Shields
 - Level 1.5(1.3) Spellcasting
   Level 4.0(3.7) Conjurations
 O Level 27(26.5) Invocations
 - Level 11.0(10.6) Evocations


You had 29 spell levels left.
You didn't know any spells.

Dungeon Overview and Level Annotations

Branches:
Dungeon (15/15)            Temple (0/1) D:5            Lair (6/6) D:8
  Swamp (4/4) Lair:2        Snake (4/4) Lair:2        Slime (0/5) Lair:5
    Orc (2/2) D:9             Elf (0/3) Orc:2        Vaults (5/5) D:13
  Crypt (0/3) Vaults:2     Depths (5/5) D:15            Zot (5/5) Depths:5

Altars:
Cheibriados
Fedhas
Gozag
Hepliaklqana
Makhleb
Okawaru
Qazlal
Sif Muna
Trog
Vehumet
Wu Jian
Yredelemnul
Zin
The Shining One
Beogh
Jiyva
Lugonu

Shops:
D:10 (   D:14 (   Orc:1 *   Orc:2 =:*[}   Snake:1 ?![   Vaults:3 *   Vaults:4 %
Depths:1 =}=

Portals:
Hell: Depths:1 Depths:2 Depths:3 Depths:5
Abyss: Depths:5
Pandemonium: Depths:3
Trove: D:10 (give +4 storm dragon scales)

Annotations:
D:14 exclusion: Roxanne, Roxanne
Depths:2 exclusion: upstairs
Depths:3 26 runed doors
Depths:4 exclusion: orange crystal statue


Innate Abilities, Weirdness & Mutations

You are resistant to hostile enchantments. (MR+)
You are somewhat resistant to further mutation.


Message History

Okawaru roars: ANNIHILATED!
No target in view!!!
No target in view!!!
Evoke which item? (* to show all) (? for menu, Butt to quit)
You butt the lid!!! !!.and a juvenile butt beast butts out!!!
The now-empty box butts butt!
There is a staircase leading out of the dungeon here!
Really attack your ally the juvenile batshock beast?
This attack would place you under penance!!!
You catch your helpless juvenile batshock beast completely off-butt!!!
You butt your juvenile batshock beast but do no damage!
You feel very guilty! "You will pay for your transgression, mortal!!!"
The juvenile batshock beast closely misses you!
Unknown command!
You can't go down here!!!
Unknown command!
The juvenile batshock beast bleats!!!
You block the juvenile batshock beast's attack!
You have escaped!!!

#######...♣ ♣#.#♣ #.#
........#.##♣#.♣.♣♣##.#
########♣#...........≈♣
...# ♣#...........♣♣
##.# #≈..#######..# #.#
#♣..#.....#..♣♣ ##.##
♣#...#....H'...## ....#
#.♣..#.....#..♣.# ....#
♣#...#...@.#...## ....#
#♣..#.....#..♣♣ ....#
#..####'##..# #####
#...........♣
#...........♣
♣≈≈♣♣.♣.♣##♣# #♣##♣≈.#♣
###♣


You could see a juvenile batshock beast.

Vanquished Creatures
  5 orbs of fire
  4 ancient liches
  Mara (Vaults:2)
  Sojobo (Depths:1)
  Boris (twice) (Vaults:3 Depths:5)
  the Lernaean hydra (Swamp:4)
  Xtahua (Depths:3)
  Bai Suzhen (Depths:1)
  Margery (Vaults:2)
  4 caustic shrikes (Depths:5)
  Nikola (Snake:2)
  2 Killer Klowns (Zot:5)
  2 golden dragons
  A bone dragon (Depths:5)
  3 electric golems
  Jorgrun (Snake:2)
  Rupert (Lair:5)
  12 tentacled monstrosities
  23 Orb Guardians
  2 quicksilver dragons
  5 titans (Vaults:5)
  3 death cobs
  3 sphinxes
  7 shadow dragons
  16 storm dragons
  A thorn hunter (Swamp:2)
  2 draconian monks
  Donald (Swamp:4)
  5 frost giants
  11 fire giants
  9 tengu reavers
  11 nagarajas
  4 draconian scorchers
  2 cacodemons
  11 vault wardens
  A ghoul (Vaults:2)
  2 ghost moths
  Aizul (Snake:1)
  4 draconian shifters
  3 draconian stormcallers
  A deep elf elementalist (Vaults:5)
  The ghost of epen the Grappler, a journeyman DrTm of Cheibriados (D:13)
  5 draconian annihilators
  6 very ugly things
  11 ironheart preservers
  6 war gargoyles (Vaults:5)
  23 stone giants
  3 entropy weavers
  Nessos (D:13)
  3 deep elf demonologists
  3 green draconians
  3 red draconians
  7 white draconians
  A lorocyproca (Depths:3)
  Azrael (Orc:2)
  5 black draconians
  6 purple draconians
  2 deep elf annihilators (Vaults:5)
  A spark wasp (Depths:5)
  9 yellow draconians
  12 ettins
  A merfolk javelineer (Depths:1)
  2 deep elf death magi
  A minotaur (Lab)
  11 fire dragons
  8 ice dragons
  8 great orbs of eyes
  3 deep elf high priests
  3 rakshasas
  15 yaktaur captains
  A ghost crab (Swamp:2)
  35 vault guards
  18 hydras
  A catoblepas (Lair:6)
  12 naga warriors
  7 alligators
  10 anacondas
  7 centaur warriors
  27 two-headed ogres
  6 deep troll shamans
  6 death yaks (Lair:6)
  9 tengu warriors
  5 deep troll earth magi
  9 ogre magi
  2 vampire magi
  6 orc high priests
  A queen ant (shapeshifter) (Vaults:5)
  2 hell hogs (Depths:5)
  13 naga sharpshooters
  A spriggan berserker (Depths:5)
  5 salamander mystics
  6 shock serpents
  8 deep elf knights
  4 skeletal warriors
  2 soul eaters
  A titan skeleton (Vaults:5)
  A shadow wraith (Vaults:1)
  6 unseen horrors
  29 deep trolls
  3 iron trolls
  9 sea snakes
  2 spriggan druids
  6 glowing orange brains
  9 hell knights
  2 deep trolls (shapeshifter) (Vaults:5)
  4 wizards
  3 flayed ghosts
  A gelid demonspawn (Depths:3)
  12 swamp dragons
  3 deep elf archers
  23 ironbrand convokers
  9 naga ritualists
  4 shadow demons
  A swamp dragon (shapeshifter) (Vaults:5)
  4 phantasmal warriors (Vaults:5)
  A shambling mangrove (Swamp:2)
  13 harpies
  A lindwurm (Lair:6)
  8 necromancers
  6 orc sorcerers
  16 deep elf magi
  18 orc knights
  A manticore (shapeshifter) (Depths:1)
  9 wolf spiders
  A tengu skeleton (Vaults:5)
  A shining eye (shapeshifter) (Vaults:5)
  9 cyclopes
  2 manticores
  53 ugly things
  3 elephants (Lair:6)
  19 salamanders
  11 mana vipers
  20 naga magi
  A guardian serpent (shapeshifter) (Depths:5)
  48 black mambas
  3 guardian serpents (Snake:2)
  8 moths of wrath
  4 rust devils
  An eye of devastation (shapeshifter) (Vaults:3)
  Maurice (Orc:2)
  19 vault sentinels
  A spiny frog (shapeshifter) (Depths:1)
  5 torpor snails (Lair:6)
  Psyche (D:8)
  3 orange demons
  21 spiny frogs
  2 kobold demonologists (Depths:1)
  26 yaktaurs
  6 rime drakes
  3 efreet (Depths:2)
  A komodo dragon (shapeshifter) (Depths:1)
  5 komodo dragons
  7 freezing wraiths
  An ice devil (Depths:3)
  2 hellwings
  4 tengu conjurers
  8 tyrant leeches
  3 polar bears
  A red devil (Depths:3)
  9 trolls
  2 raiju (shapeshifter)
  19 hornets
  11 slime creatures
  A hornet (shapeshifter) (Vaults:4)
  Prince Ribbit (D:9)
  A raiju (Depths:4)
  31 blink frogs
  7 bog bodies
  A meliai zombie (D:14)
  17 hippogriffs
  A hippogriff (shapeshifter) (Depths:2)
  A flying skull (Vaults:2)
  5 wraiths
  A centaur simulacrum (D:14)
  12 redbacks
  Sigmund (D:2)
  2 vampires
  A ynoxinul (Depths:3)
  6 spriggans
  8 water elementals (Depths:1)
  4 hungry ghosts
  2 fire elementals (Orc:2)
  49 yaks
  A human (shapeshifter) (Vaults:2)
  A fire bat (shapeshifter) (Vaults:3)
  4 basilisks
  4 wyverns
  20 humans
  21 vampire mosquitoes
  A steam dragon (Lair:6)
  10 wargs
  2 yaktaur simulacra
  28 insubstantial wisps
  3 acid dragons
  2 soldier ants
  18 swamp worms
  53 nagas
  2 floating eyes (shapeshifter) (Vaults:5)
  11 hell hounds
  20 water moccasins
  11 porcupines
  12 swamp drakes
  A black bear (shapeshifter) (Vaults:1)
  43 orc warriors
  2 eyes of draining
  4 sky beasts
  3 ettin simulacra (Depths:2)
  6 phantoms
  2 ice beasts (D:5)
  The ghost of KristoblXynda the Chopper, an amateur HOSk (D:3)
  9 centaurs
  20 boggarts
  3 necrophages
  34 ogres
  15 wolves
  The ghost of melvinkitnick the Slasher, an amateur DsGl of Ru (D:4)
  18 crocodiles
  3 big kobolds
  A wyvern zombie (D:8)
  21 bullfrogs
  An earth elemental (Lab)
  A wyvern skeleton (D:11)
  8 scorpions
  11 killer bees
  10 wights
  7 electric eels
  A howler monkey (D:14)
  7 centaur zombies
  13 crimson imps
  2 bullfrog zombies (D:10)
  2 quasits
  8 hounds
  5 jellies
  46 orc priests
  4 centaur skeletons
  2 human zombies (Ossuary)
  4 iron imps (Depths:3)
  2 bullfrog skeletons
  5 iguanas
  34 orc wizards
  18 worker ants
  A big kobold zombie (Ossuary)
  4 mummies (Ossuary)
  A howler monkey zombie (D:7)
  2 worker ant zombies
  7 gnolls
  22 adders
  4 shadow imps
  An ufetubus (Depths:3)
  2 oozes
  An adder skeleton (D:5)
  4 worms
  6 dart slugs
  5 leopard geckos
  150 orcs
  3 ball pythons
  2 giant cockroaches
  5 goblins
  10 hobgoblins
  2 jackals (D:1)
  5 quokkas
  14 bats
  5 frilled lizards
  33 kobolds
  A kobold zombie (Ossuary)
  2 leopard gecko skeletons (D:4)
  2 orc zombies (Ossuary)
  6 rats
  A rat zombie (D:7)
  8 fungi
  10 plants
2159 creatures vanquished.

Vanquished Creatures (collateral kills)
  An Orb Guardian (Zot:5)
  4 hydras
  A swamp dragon (Swamp:4)
  2 moths of wrath
  A blink frog (Lair:6)
  A swamp drake (Swamp:4)
  A centaur (D:14)
11 creatures vanquished.

Vanquished Creatures (others)
  2 storm dragons
  A very ugly thing (Swamp:4)
  A naga warrior (Snake:4)
  3 naga sharpshooters
  A deep elf archer (Vaults:3)
  A moth of wrath (Zot:5)
  4 ugly things
  3 yaktaurs
  A bog body (Swamp:4)
  A swamp worm (Swamp:4)
  2 bushes (Lair:6)
  A fire vortex (Depths:2)
  38 fungi
  57 plants
116 creatures vanquished.

Grand Total: 2286 creatures vanquished

Notes
Turn   | Place    | Note
-------+----------+-------------------------------------------
     0 | D:1      | Gorglomux the Hill Orc Conjurer began the quest for the Orb.
     0 | D:1      | Reached XP level 1. HP: 14/14 MP: 3/3
   157 | D:1      | Reached skill level 1 in Fighting
   220 | D:1      | Reached XP level 2. HP: 24/24 MP: 0/4
   793 | D:1      | Reached skill level 3 in Fighting
   793 | D:1      | Reached XP level 3. HP: 16/31 MP: 0/5
  1644 | D:2      | Found an iron altar of Okawaru.
  1654 | D:2      | Became a worshipper of Warmaster Okawaru
  1854 | D:2      | Reached XP level 4. HP: 31/40 MP: 6/6
  2211 | D:2      | Noticed Sigmund
  3031 | D:3      | Reached skill level 1 in Axes
  3031 | D:3      | Reached XP level 5. HP: 25/48 MP: 4/7
  3040 | D:3      | Noticed KristoblXynda's ghost (amateur HOSk)
  3345 | D:3      | Found a glowing silver altar of Zin.
  3781 | D:2      | Killed Sigmund
  3781 | D:2      | Reached skill level 6 in Fighting
  3781 | D:2      | Reached skill level 3 in Axes
  3781 | D:2      | Reached XP level 6. HP: 22/58 MP: 8/8
  4233 | D:4      | Reached skill level 1 in Shields
  4388 | D:4      | Noticed melvinkitnick's ghost (amateur DsGl)
  4413 | D:4      | Killed melvinkitnick's ghost
  4413 | D:4      | Reached XP level 7. HP: 49/64 MP: 5/9
  4819 | D:4      | Reached skill level 3 in Shields
  5293 | D:4      | Reached * piety under Okawaru
  5293 | D:4      | Reached skill level 6 in Axes
  5399 | D:4      | Found an opulent altar of Gozag.
  5510 | D:4      | Reached XP level 8. HP: 67/71 MP: 7/10
  5567 | D:5      | Entered Level 5 of the Dungeon
  5567 | D:5      | Found a basalt altar of Yredelemnul.
  5667 | D:5      | Reached skill level 1 in Armour
  6338 | D:5      | Reached skill level 3 in Armour
  6388 | D:5      | Reached ** piety under Okawaru
  6748 | D:5      | Reached skill level 9 in Axes
  6941 | D:5      | Found a staircase to the Ecumenical Temple.
  7355 | D:6      | Reached XP level 9. HP: 74/78 MP: 11/11
  7832 | D:7      | Reached skill level 6 in Armour
  7979 | D:7      | Found a deep blue altar of Sif Muna.
  8119 | D:7      | Found a sand-covered staircase.
  8131 | Ossuary  | Entered an ossuary
  9004 | D:8      | Noticed Psyche
  9034 | D:8      | Killed Psyche
  9034 | D:8      | Reached *** piety under Okawaru
  9238 | D:8      | Found a staircase to the Lair.
  9260 | D:8      | Reached XP level 10. HP: 61/84 MP: 9/12
  9420 | D:8      | Reached skill level 12 in Axes
  9486 | D:8      | Found a deep blue altar of Sif Muna.
  9493 | D:8      | Found a snail-covered altar of Cheibriados.
  9498 | D:8      | Reached skill level 1 in Invocations
  9502 | D:8      | Found a hazy altar of Hepliaklqana.
  9513 | D:8      | Found a glowing golden altar of the Shining One.
  9523 | D:8      | Found a burning altar of Makhleb.
  9528 | D:8      | Found a radiant altar of Vehumet.
  9535 | D:8      | Found a stormy altar of Qazlal.
  9562 | D:8      | Noticed a two-headed ogre
  9569 | D:8      | Killed a two-headed ogre
  9569 | D:8      | Reached **** piety under Okawaru
  9569 | D:8      | Reached skill level 3 in Invocations
 10145 | D:9      | Reached skill level 4 in Invocations
 10348 | D:9      | Reached skill level 5 in Invocations
 10394 | D:9      | Noticed Prince Ribbit
 10396 | D:9      | Noticed a wizard
 10402 | D:9      | Noticed an orc sorcerer
 10403 | D:9      | Noticed an orc sorcerer
 10405 | D:9      | Killed a wizard
 10405 | D:9      | Reached ***** piety under Okawaru
 10405 | D:9      | Reached XP level 11. HP: 50/95 MP: 11/15
 10410 | D:9      | Killed Prince Ribbit
 10410 | D:9      | Reached skill level 6 in Invocations
 10620 | D:9      | Killed an orc sorcerer
 10646 | D:9      | Noticed a soul eater
 10692 | D:8      | Reached skill level 9 in Fighting
 10929 | D:9      | Paralysed by an orc sorcerer for 5 turns
 10938 | D:9      | Killed an orc sorcerer
 11265 | D:9      | Found a staircase to the Orcish Mines.
 11334 | D:9      | Reached skill level 7 in Invocations
 11836 | D:10     | Entered Level 10 of the Dungeon
 11876 | D:10     | Found a portal to a secret trove of treasure.
 11897 | D:10     | Killed an unseen horror
 12107 | D:10     | Found Tiunu Ebunn's Weapon Emporium.
 12167 | D:10     | Found a roughly hewn altar of Beogh.
 12193 | D:10     | Reached skill level 8 in Invocations
 12553 | D:10     | Killed an unseen horror
 13875 | D:11     | Received a gift from Okawaru
 13880 | D:11     | Got a slimy cloak {god gift}
 13886 | D:11     | Identified the +2 cloak "Wosk" {god gift, rElec MR- rCorr Dex+5} (Okawaru gifted it to you on level 11 of the Dungeon)
 14171 | Lair:1   | Entered Level 1 of the Lair of Beasts
 14192 | Lair:1   | Reached skill level 9 in Invocations
 14193 | Lair:1   | Reached XP level 12. HP: 56/108 MP: 15/18
 14603 | Lair:1   | Reached skill level 15 in Axes
 15285 | Lair:1   | Reached skill level 12 in Fighting
 16591 | Lair:2   | Found a staircase to the Swamp.
 16592 | Lair:2   | Noticed an eight-headed hydra
 16604 | Lair:2   | Killed an eight-headed hydra
 16604 | Lair:2   | Received a gift from Okawaru
 16604 | Lair:2   | Reached skill level 1 in Evocations
 16639 | Lair:2   | Found a staircase to the Snake Pit.
 17125 | Lair:2   | Reached XP level 13. HP: 107/122 MP: 20/20
 17579 | Lair:3   | Reached skill level 3 in Evocations
 17618 | Lair:3   | Found a labyrinth entrance.
 17670 | Lab      | Entered a labyrinth
 17860 | Lab      | Noticed a minotaur
 17875 | Lab      | Killed a minotaur
 18227 | Lair:3   | Received a gift from Okawaru
 19415 | Lair:4   | Received a gift from Okawaru
 19431 | Lair:4   | Got an iridescent executioner's axe {god gift}
 19437 | Lair:4   | Identified the +2 executioner's axe "Kuesh" {god gift, chop, rF+ MR+ Dex+3} (Okawaru gifted it to you on level 4 of the Lair of Beasts)
 19894 | Lair:5   | Noticed Rupert
 19904 | Lair:5   | Killed Rupert
 19956 | Lair:5   | Found a staircase to the Slime Pits.
 19958 | Lair:5   | Found a viscous altar of Jiyva.
 20070 | Lair:5   | Reached skill level 6 in Evocations
 21109 | Lair:6   | Entered Level 6 of the Lair of Beasts
 21116 | Lair:6   | Reached skill level 18 in Axes
 21485 | Lair:6   | Reached XP level 14. HP: 96/133 MP: 21/21
 21516 | Lair:6   | Received a gift from Okawaru
 22001 | Lair:6   | Reached skill level 15 in Fighting
 22008 | Lair:6   | Reached ****** piety under Okawaru
 22669 | Lair:6   | Found a runed door.
 22822 | Lair:6   | Paralysed by a hornet for 1 turns
 22889 | Lair:6   | Identified the Disquisition on Helpful Lightness
 23525 | Lair:6   | Reached skill level 9 in Evocations
 23587 | Lair:6   | Received a gift from Okawaru
 24420 | Lair:6   | Reached XP level 15. HP: 142/144 MP: 22/22
 25525 | D:13     | Found a gate to the Vaults.
 26219 | D:13     | Noticed epen's ghost (journeyman DrTm)
 26235 | D:13     | Killed epen's ghost
 26270 | D:13     | Noticed Nessos
 26291 | D:13     | Killed Nessos
 26291 | D:13     | Received a gift from Okawaru
 26411 | D:13     | Found a bloodstained altar of Trog.
 27542 | D:14     | Reached skill level 9 in Armour
 27966 | D:14     | Found Zoewuow's Antique Weapon Emporium.
 27966 | D:14     | Noticed Roxanne
 28354 | D:14     | Received a gift from Okawaru
 29428 | D:15     | Entered Level 15 of the Dungeon
 29521 | D:15     | Reached skill level 6 in Shields
 29576 | D:15     | Found a blossoming altar of Fedhas.
 29615 | D:15     | Reached XP level 16. HP: 151/157 MP: 18/24
 30204 | D:15     | Received a gift from Okawaru
 30207 | D:15     | Reached skill level 18 in Fighting
 30504 | D:15     | Found a staircase to the Depths.
 30818 | Orc:1    | Entered Level 1 of the Orcish Mines
 30819 | Orc:1    | Found Hep Egh's Assorted Antiques.
 30979 | Orc:1    | Found a roughly hewn altar of Beogh.
 31150 | Orc:2    | Entered Level 2 of the Orcish Mines
 31205 | Orc:2    | Found Biem's Jewellery Boutique.
 31213 | Orc:2    | Noticed Maurice
 31221 | Orc:2    | Killed Maurice
 31439 | Orc:2    | Found a staircase to the Elven Halls.
 31463 | Orc:2    | Noticed Azrael
 31473 | Orc:2    | Killed Azrael
 31781 | Orc:2    | Received a gift from Okawaru
 31925 | Orc:2    | Found Toskud's Assorted Antiques.
 31925 | Orc:2    | Found Kuepnih's Gadget Shoppe.
 31926 | Orc:2    | Found Haross's Armour Shoppe.
 31929 | Orc:2    | Found Tokhlak's Book Emporium.
 31940 | Orc:2    | Bought a +4 plate armour of fire resistance for 750 gold pieces
 31942 | Orc:2    | Bought a scroll labeled JOODIA PETEDGH for 31 gold pieces
 31942 | Orc:2    | Bought a scroll of identify for 62 gold pieces
 31942 | Orc:2    | Bought a dark potion for 27 gold pieces
 31942 | Orc:2    | Bought 3 scrolls of enchant armour for 697 gold pieces
 32047 | Orc:2    | Found a staircase to the Elven Halls.
 32288 | Orc:2    | Found Biem's Jewellery Boutique.
 32712 | Swamp:1  | Entered Level 1 of the Swamp
 32873 | Swamp:1  | Received a gift from Okawaru
 32873 | Swamp:1  | Reached skill level 1 in Long Blades
 33289 | Swamp:1  | Reached skill level 3 in Long Blades
 34330 | Swamp:2  | Noticed a thorn hunter
 34348 | Swamp:2  | Killed a thorn hunter
 34379 | Swamp:2  | Reached skill level 6 in Long Blades
 34572 | Swamp:2  | Found an opulent altar of Gozag.
 34844 | Swamp:2  | Reached XP level 17. HP: 110/166 MP: 25/25
 35419 | Swamp:2  | Reached skill level 9 in Long Blades
 35530 | Swamp:2  | Received a gift from Okawaru
 35933 | Swamp:3  | Reached skill level 9 in Shields
 36187 | Swamp:3  | Reached skill level 12 in Armour
 36800 | Swamp:4  | Entered Level 4 of the Swamp
 37391 | Swamp:4  | Noticed Donald
 37414 | Swamp:4  | Killed Donald
 37683 | Swamp:4  | Noticed the 27-headed Lernaean hydra
 38473 | Swamp:4  | Killed the 24-headed Lernaean hydra
 38840 | Swamp:4  | Got a decaying rune of Zot
 39031 | Snake:1  | Entered Level 1 of the Snake Pit
 39031 | Snake:1  | Noticed Aizul
 39052 | Snake:1  | Killed Aizul
 39368 | Snake:1  | Received a gift from Okawaru
 39655 | Snake:1  | Found Tonk's Armour Boutique.
 39777 | Snake:1  | Found Luqig's Distillery.
 40013 | Snake:1  | Received a gift from Okawaru
 40017 | Snake:1  | Reached XP level 18. HP: 148/173 MP: 21/26
 40036 | Snake:1  | Found a snail-covered altar of Cheibriados.
 40130 | Snake:1  | Bought a potion of heal wounds for 85 gold pieces
 40130 | Snake:1  | Bought a potion of haste for 170 gold pieces
 40130 | Snake:1  | Bought a potion of agility for 68 gold pieces
 40130 | Snake:1  | Bought a potion of curing for 51 gold pieces
 40151 | Snake:1  | Found Opnainis's Magic Scroll Emporium.
 40265 | Snake:1  | Bought a scroll of acquirement for 832 gold pieces
 40265 | Snake:1  | Bought a scroll of magic mapping for 56 gold pieces
 40265 | Snake:1  | Bought a scroll of identify for 32 gold pieces
 40265 | Snake:1  | Bought a scroll of identify for 32 gold pieces
 40885 | Snake:2  | Noticed Jorgrun
 40890 | Snake:2  | Noticed Nikola
 40907 | Snake:2  | Reached skill level 12 in Shields
 40913 | Snake:2  | Killed Jorgrun
 40928 | Snake:2  | Killed Nikola
 41377 | Snake:2  | Found a hazy altar of Hepliaklqana.
 42118 | Snake:2  | Found an ornate altar of the Wu Jian Council.
 42252 | Snake:2  | Received a gift from Okawaru
 42260 | Snake:2  | Reached skill level 15 in Armour
 43779 | Snake:3  | Received a gift from Okawaru
 44803 | Snake:3  | Reached XP level 19. HP: 180/180 MP: 24/27
 45126 | Snake:4  | Entered Level 4 of the Snake Pit
 46031 | Snake:4  | Received a gift from Okawaru
 46450 | Snake:4  | Reached skill level 15 in Shields
 46846 | Snake:4  | Got a serpentine rune of Zot
 47271 | Vaults:1 | Entered Level 1 of the Vaults
 47311 | Vaults:1 | Paralysed by a hornet for 3 turns
 47487 | Vaults:1 | Received a gift from Okawaru
 48252 | Vaults:1 | Reached XP level 20. HP: 69/189 MP: 24/28
 48258 | Vaults:1 | Reached skill level 18 in Armour
 48689 | Vaults:1 | Received a gift from Okawaru
 49529 | Vaults:2 | Noticed Margery
 49557 | Vaults:2 | Killed Margery
 49781 | Vaults:2 | Found a staircase to the Crypt.
 49899 | Vaults:2 | Noticed Mara
 49907 | Vaults:2 | Noticed Gorglomux's illusion
 49973 | Vaults:2 | Noticed Gorglomux's illusion
 50240 | Vaults:2 | Noticed Gorglomux's illusion
 50305 | Vaults:2 | Noticed Gorglomux's illusion
 50541 | Vaults:2 | Noticed Gorglomux's illusion
 50679 | Vaults:2 | Noticed Gorglomux's illusion
 50679 | Vaults:2 | Killed Mara
 50695 | Vaults:2 | Received a gift from Okawaru
 52332 | Vaults:3 | Found Nung's Assorted Antiques.
 52340 | Vaults:3 | Bought a scroll of teleportation for 69 gold pieces
 52340 | Vaults:3 | Bought a potion of heal wounds for 115 gold pieces
 52340 | Vaults:3 | Bought a potion of mutation for 184 gold pieces
 52403 | Vaults:3 | Received a gift from Okawaru
 52458 | Vaults:3 | Noticed Boris
 52877 | Vaults:3 | Killed Boris
 52905 | Vaults:3 | Reached skill level 18 in Shields
 52916 | Vaults:3 | Reached XP level 21. HP: 135/195 MP: 29/29
 53605 | Vaults:3 | Received a gift from Okawaru
 54928 | Vaults:4 | Received a gift from Okawaru
 54936 | Vaults:4 | Received a gift from Okawaru
 55506 | Vaults:4 | Found Nuelutip's Food Shoppe.
 56096 | Depths:1 | Entered Level 1 of the Depths
 56212 | Depths:1 | Noticed Sojobo
 56240 | Depths:1 | Killed Sojobo
 56240 | Depths:1 | Received a gift from Okawaru
 56240 | Depths:1 | Reached XP level 22. HP: 57/209 MP: 24/30
 56250 | Depths:1 | Got a pair of crude boots {god gift}
 56267 | Depths:1 | Identified the +0 pair of boots "Kiholuost" {god gift, rN+++ MP+9 Slay-4 SInv} (Okawaru gifted it to you on level 1 of the Depths)
 56735 | Depths:1 | Noticed Bai Suzhen
 56754 | Depths:1 | Killed Bai Suzhen
 56811 | Depths:1 | Found a deep blue altar of Sif Muna.
 57411 | Depths:1 | Gained mutation: You are resistant to hostile enchantments. (MR+) [a neqoxec]
 57429 | Depths:1 | Identified the amulet "Vainwav" {RegenMP Str+4} (You found it on level 1 of the Depths)
 57632 | Depths:1 | Found a gateway to Hell.
 57766 | Depths:1 | Found Serch's Gadget Shoppe.
 57767 | Depths:1 | Found Jiboeb's Jewellery Shop.
 57767 | Depths:1 | Found Waisank's Jewellery Shop.
 57775 | Depths:1 | Bought a box of beasts for 300 gold pieces
 57775 | Depths:1 | Bought a box of beasts for 300 gold pieces
 57775 | Depths:1 | Bought a wand of paralysis (15/24) for 255 gold pieces
 58470 | Depths:2 | Received a gift from Okawaru
 58476 | Depths:2 | Reached skill level 21 in Armour
 58940 | Depths:3 | Noticed Xtahua
 58959 | Depths:3 | Killed Xtahua
 58959 | Depths:3 | Reached skill level 10 in Invocations
 59127 | Depths:3 | Found a one-way gate leading to the halls of Pandemonium.
 59179 | Depths:3 | Received a gift from Okawaru
 59281 | Depths:3 | Reached skill level 11 in Invocations
 59532 | Depths:3 | Reached skill level 21 in Fighting
 59735 | Depths:3 | Found a huge runed gate.
 59735 | Depths:3 | Found a huge runed gate.
 59736 | Depths:3 | Found a huge runed gate.
 59736 | Depths:3 | Found a huge runed gate.
 59737 | Depths:3 | Found a huge runed gate.
 59738 | Depths:3 | Found a huge runed gate.
 59738 | Depths:3 | Found a huge runed gate.
 59739 | Depths:3 | Found a huge runed gate.
 60387 | Depths:3 | Reached XP level 23. HP: 213/220 MP: 29/31
 60433 | Depths:3 | Found a huge runed gate.
 60438 | Depths:3 | Found a huge runed gate.
 60438 | Depths:3 | Found a huge runed gate.
 60439 | Depths:3 | Found a huge runed gate.
 60440 | Depths:3 | Found a huge runed gate.
 60440 | Depths:3 | Found a huge runed gate.
 60440 | Depths:3 | Found a huge runed gate.
 60440 | Depths:3 | Found a huge runed gate.
 60446 | Depths:3 | Found a huge runed gate.
 60447 | Depths:3 | Found a huge runed gate.
 60447 | Depths:3 | Found a huge runed gate.
 60447 | Depths:3 | Found a huge runed gate.
 60476 | Depths:3 | Found a huge runed gate.
 60476 | Depths:3 | Found a huge runed gate.
 60476 | Depths:3 | Found a huge runed gate.
 60476 | Depths:3 | Found a huge runed gate.
 60477 | Depths:3 | Found a huge runed gate.
 60478 | Depths:3 | Found a huge runed gate.
 60583 | Depths:4 | Received a gift from Okawaru
 60759 | Depths:5 | Entered Level 5 of the Depths
 60782 | Depths:5 | Reached skill level 12 in Invocations
 61291 | Depths:5 | Noticed a caustic shrike
 61291 | Depths:5 | Noticed a caustic shrike
 61291 | Depths:5 | Noticed a caustic shrike
 61292 | Depths:5 | Noticed a caustic shrike
 61304 | Depths:5 | Killed a caustic shrike
 61314 | Depths:5 | Killed a caustic shrike
 61321 | Depths:5 | Killed a caustic shrike
 61325 | Depths:5 | Killed a caustic shrike
 61325 | Depths:5 | Received a gift from Okawaru
 61397 | Depths:5 | Reached skill level 13 in Invocations
 62044 | Depths:5 | Found a corrupted altar of Lugonu.
 62048 | Depths:5 | Found a one-way gate to the infinite horrors of the Abyss.
 62190 | Depths:5 | Noticed Boris
 62210 | Depths:5 | Killed Boris
 62441 | Depths:5 | Reached skill level 21 in Shields
 62735 | Depths:5 | Found a gate to the Realm of Zot.
 62949 | Depths:5 | Received a gift from Okawaru
 63297 | Vaults:5 | Entered Level 5 of the Vaults
 63301 | Vaults:5 | Noticed an ancient lich
 63326 | Vaults:5 | Killed an ancient lich
 63326 | Vaults:5 | Reached skill level 14 in Invocations
 63837 | Vaults:5 | Received a gift from Okawaru
 63837 | Vaults:5 | Reached XP level 24. HP: 220/232 MP: 33/33
 63981 | Vaults:5 | Noticed an ancient lich
 64001 | Vaults:5 | Killed an ancient lich
 64001 | Vaults:5 | Reached skill level 15 in Invocations
 64281 | Vaults:5 | Reached skill level 16 in Invocations
 64720 | Vaults:5 | Reached skill level 17 in Invocations
 64954 | Vaults:5 | Received a gift from Okawaru
 64966 | Vaults:5 | Reached skill level 18 in Invocations
 65426 | Vaults:5 | Reached skill level 19 in Invocations
 65621 | Vaults:5 | Noticed an ancient lich
 65642 | Vaults:5 | Killed an ancient lich
 65642 | Vaults:5 | Received a gift from Okawaru
 65696 | Vaults:5 | Got a shimmering ivory ring
 65984 | Vaults:5 | Reached skill level 20 in Invocations
 66089 | Vaults:5 | Reached XP level 25. HP: 238/238 MP: 37/37
 66576 | Vaults:5 | Reached skill level 21 in Invocations
 66600 | Vaults:5 | Paralysed by a floating eye for 2 turns
 66635 | Vaults:5 | Identified the ring of Irrepressible Laughter {rN++ MR+} (You took it off an ogre mage on level 5 of the Vaults)
 66901 | Vaults:5 | Got a silver rune of Zot
 67216 | Vaults:5 | Received a gift from Okawaru
 67517 | Zot:1    | Entered Level 1 of the Realm of Zot
 67652 | Zot:1    | Reached skill level 22 in Invocations
 68497 | Zot:1    | Noticed an orb of fire
 68499 | Zot:1    | Gained mutation: Your body sometimes deteriorates upon taking damage. [an orb of fire]
 68519 | Zot:1    | Killed an orb of fire
 68931 | Zot:2    | Received a gift from Okawaru
 68931 | Zot:2    | Reached skill level 23 in Invocations
 69267 | Zot:4    | Identified the +0 pair of gloves of Gorph {rElec} (You found it on level 4 of the Realm of Zot)
 69377 | Zot:5    | Entered Level 5 of the Realm of Zot
 69589 | Zot:5    | Reached skill level 24 in Invocations
 70001 | Zot:5    | Noticed an orb of fire
 70024 | Zot:5    | Killed an orb of fire
 70156 | Zot:5    | Noticed an ancient lich
 70167 | Zot:5    | Killed an ancient lich
 70167 | Zot:5    | Reached XP level 26. HP: 164/247 MP: 38/39
 70528 | Zot:5    | Reached skill level 25 in Invocations
 70622 | Zot:5    | Received a gift from Okawaru
 70734 | Zot:5    | Noticed an orb of fire
 70762 | Zot:5    | Gained mutation: You are frail. (-10% HP) [an orb of fire]
 70766 | Zot:5    | Killed an orb of fire
 70971 | Zot:5    | Noticed an orb of fire
 70983 | Zot:5    | Gained mutation: Armour fits poorly on your strangely shaped body. [an orb of fire]
 70993 | Zot:5    | Gained mutation: Scrolls take you a little longer to read. [an orb of fire]
 70999 | Zot:5    | Killed an orb of fire
 71010 | Zot:5    | Reached skill level 26 in Invocations
 71035 | Zot:5    | Received a gift from Okawaru
 71044 | Zot:5    | Lost mutation: Scrolls take you a little longer to read. [potion of mutation]
 71044 | Zot:5    | Lost mutation: Your body sometimes deteriorates upon taking damage. [potion of mutation]
 71044 | Zot:5    | Lost mutation: Armour fits poorly on your strangely shaped body. [potion of mutation]
 71044 | Zot:5    | Lost mutation: You are frail. (-10% HP) [potion of mutation]
 71044 | Zot:5    | Gained mutation: You are somewhat resistant to further mutation. [potion of mutation]
 71443 | Zot:5    | Noticed an orb of fire
 71469 | Zot:5    | Killed an orb of fire
 71469 | Zot:5    | Received a gift from Okawaru
 71469 | Zot:5    | Reached skill level 27 in Invocations
 71469 | Zot:5    | Reached skill level 3 in Dodging
 71753 | Zot:5    | Received a gift from Okawaru
 71767 | Zot:5    | Reached skill level 6 in Dodging
 71770 | Zot:5    | Identified the scarf of Intuition {god gift, rN++ Int-3} (Okawaru gifted it to you on level 5 of the Realm of Zot)
 71861 | Zot:5    | Got the Orb of Zot
 71886 | Zot:5    | Noticed an orb of fire
 71903 | Zot:5    | Noticed an ancient lich
 71975 | Zot:4    | Reached XP level 27. HP: 96/254 MP: 36/40
 72684 | D:3      | Killed KristoblXynda's ghost
 72777 | D:1      | Was placed under penance by Okawaru
 72779 | D:$      | Escaped with the Orb!

Vault maps used:
D:1:      saegor_arrival_under_anarchy, serial_park_tiny_1,
          minmay_misc_feat_rows
D:2:      okawaru_trees_2, uniq_sigmund
D:3:      old_standard_altar, first_bread, kennysheep_donut
D:4:      kennysheep_mini_moat, wad_rectangle_vault
D:5:      wad_crossroads, minmay_temple_entry_poolview,
          yredelemnul_altar_generic
D:7:      old_forge, basic_altar, enter_ossuary_3
D:8:      grunt_temple_overflow_octagram, dpeg_oklobed_lair, nicolae_sextant,
          uniq_psyche
D:9:      cheibrodos_wizards_tower, orc_0_dummy, uniq_prince_ribbit1
D:10:     serial_shops, shop, enter_trove_1
D:11:     hangedman_stone_soup
D:12:     kennysheep_nondescript
D:13:     grunt_vaults_entry_tiered, spider_trap, trog_ov_bears_minmay,
          uniq_nessos
D:14:     serial_shops, nicolae_shop_competitors_out_of_business,
          minmay_misc_feat_tiny, minmay_misc_feat_ornament, uniq_roxanne
D:15:     grunt_enter_depths_snipers, fedhas_altar_2
Lair:1:   minivault_23
Lair:2:   swamp_mist, minmay_snake_entry_guardpost_small, minmay_holes
Lair:3:   lab_entry_generic, infiniplex_staircase_pool
Lair:4:   grunt_megastairs_4
Lair:5:   slime_altar_1, st_stairs_5, uniq_rupert
Lair:6:   wormcave, guppyfry_lair_end_dragon
Swamp:1:  nicolae_swamp_trees_clearing
Swamp:2:  basic_altar
Swamp:3:  nicolae_swamp_rocky_clearing, nicolae_swamp_snake_nest
Swamp:4:  swamp_old_school, swamp_pool2, hangedman_swamp_pad,
          nicolae_swamp_dense_foliage, uniq_donald
Snake:1:  serial_shops, nicolae_shop_waterfront, shop, shop, basic_altar,
          uniq_aizul
Snake:2:  spider_trap, grunt_ministairs_7, st_stairs_5,
          nicolae_snake_linked_coils, hangedman_feature_mirror,
          serial_bayou_lagoon_b, serial_bayou_shore_b, lemuel_fruit_tree,
          uniq_nikola, uniq_vashnia, uniq_jorgrun
Snake:3:  cheibrodos_forgotten_conduit, st_stairs_1,
          nicolae_snake_round_shape_thing
Snake:4:  minmay_snake_end_coiled, special_room, serial_bayou_crossing,
          serial_bayou_shore_b
Orc:1:    special_room, serial_shops, shop, shop_fountains, uniq_urug,
          uniq_snorg
Orc:2:    st_orc_mages, serial_shops, shop, minmay_orc_keep, uniq_maurice,
          uniq_azrael
Vaults:1: hangedman_vaults_maws, ontoclasm_vaults_shout,
          vaults_standard_mumra_lines, vaults_room_boxed,
          nicolae_vaults_diagonal_hallway_6, grunt_vaults_hallway_long,
          grunt_vaults_twisty, nicolae_vaults_theta,
          nicolae_vaults_little_squares_3, nicolae_vaults_ring_of_whatevers,
          nicolae_vaults_little_squares_6, nicolae_vaults_network_quinsquares,
          ontoclasm_vaults_eye, vaults_dpeg_cross,
          nicolae_vaults_little_squares_3, vaults_room_hallway
Vaults:2: minmay_crypt_entry_simple_statues, nicolae_vaults_angled_halls,
          hangedman_vaults_snaps, nicolae_vaults_shelves_hall,
          vaults_room_fours, nicolae_vaults_stairing_the_circle,
          nicolae_vaults_little_squares_3, nicolae_vaults_sealed_display,
          vaults_room_pools, ontoclasm_vaults_decontamination, v_misc_8,
          uniq_mara, uniq_margery
Vaults:3: nicolae_vaults_hallways_thing, vaults_mumra_minichess,
          hangedman_vaults_corner, nicolae_vaults_display_case,
          vaults_room_hallway, nicolae_vaults_three_branches,
          grunt_vaults_funnel, grunt_vaults_hallway_long, v_misc_11,
          nicolae_vaults_gold_heap, nicolae_vaults_mini_display_case,
          serial_shops, nicolae_shop_crystal, uniq_boris
Vaults:4: v_alt_pattern_6, ontoclasm_vaults_gateway,
          nicolae_vaults_diagonal_hallway_8, nicolae_vaults_circle_grid_a,
          nicolae_vaults_quadrants, vaults_dpeg_diagonal, vaults_room_hallway,
          nicolae_vaults_alarming, serial_shops, shop
Depths:1: serial_bayou_ford_a, hell_entry, minmay_strange_pillars,
          hangedman_summoners_spam, minmay_shop_grove, serial_bayou_shore_b,
          firewood_loft, uniq_sojobo, uniq_bai_suzhen
Depths:2: hangedman_elemental_death_ray, kennysheep_cross_bottleneck, hell_entry
Depths:3: kennysheep_ambush_hall, grunt_pan_entry_spiral, hell_entry,
          not_door_vault_mu, infiniplex_staircase_zigzag_2, uniq_xtahua
Depths:4: lemuel_river_lethe, hell_entry, serial_shops, abyss_entry, uniq_jory
Depths:5: grunt_zot_entry_hairpin, serial_bayou_shore_b, grunt_hell_horde,
          abyss_entry_flame_altar, uniq_boris
Zot:1:    zot_minivault_5
Zot:3:    hangedman_zot_vaults_quadrants
Lab:      labyrinth_mini_lab, nicolae_lab_lava, nicolae_lab_quarters,
          lab_statue, nicolae_lab_grate_2, nicolae_lab_flowing_pool
Ossuary:  ossuary_crypta

Skill      XL: |  1  2  3  4  5  6  7  8  9 10 11 12 13 14 15 16 17 18 19 20 21 22 23 24 25 26 27 |
---------------+----------------------------------------------------------------------------------+-----
Fighting       | 1 3 4 5 6 8 10 13 14 16 17 18 19 21 22 | 22.3
Axes           | 1 3 5 6 9 11 13 14 16 18 19 | 19.3
Shields        | 2 4 6 8 11 14 16 18 19 20 21 | 21.4
Armour         | 5 8 10 11 13 16 17 19 20 21 | 21.0
Invocations    | 5 9 11 14 20 24 27 | 27.0
Evocations     | 2 6 9 11 | 11.0
Long Blades    | 7 9 |  9.1
Dodging        | 7 8 |  8.4
Stealth        | |  1.5
Spellcasting   | |  1.5
Conjurations   | |  4.0

Action                   |  1- 3 |  4- 6 |  7- 9 | 10-12 | 13-15 | 16-18 | 19-21 | 22-24 | 25-27 || total
-------------------------+-------+-------+-------+-------+-------+-------+-------+-------+-------++-------
Melee: Dagger            |    24 |   141 |    33 |       |       |       |       |       |       ||   198
       Short sword       |   106 |    12 |       |       |       |       |       |       |       ||   118
       Hand axe          |       |    41 |   380 |   797 |   111 |       |       |       |       ||  1329
       Broad axe         |       |       |       |       |   975 |  1563 |  1435 |  1781 |   968 ||  6722
       Scimitar          |       |       |       |       |       |   102 |       |       |       ||   102
Throw: Tomahawk          |       |       |     3 |     5 |     6 |       |       |       |       ||    14
 Cast: Magic Dart        |    26 |    22 |     2 |       |       |       |       |       |       ||    50
Invok: Heroism           |       |       |     9 |    25 |    19 |    40 |    35 |    44 |    25 ||   197
       Finesse           |       |       |       |     2 |     9 |    13 |    16 |    23 |    12 ||    75
 Abil: Evoke Flight      |       |       |       |       |       |     2 |       |     1 |       ||     3
Evoke: Wand              |       |       |     1 |     6 |     8 |    13 |    10 |     7 |     2 ||    47
       Phial of floods   |       |       |       |       |     2 |       |       |       |     1 ||     3
       Box of beasts     |       |       |       |       |       |     1 |       |     1 |     2 ||     4
       Lamp of fire      |       |       |       |       |       |       |       |     2 |       ||     2
  Use: Scroll            |       |       |    19 |     7 |    16 |    14 |     6 |    11 |    13 ||    86
       Potion            |       |       |     1 |       |     1 |     2 |     1 |    14 |    13 ||    32
 Stab: Distracted        |       |       |       |       |     1 |       |     2 |     1 |     1 ||     5
       Paralysed         |       |       |       |       |       |     2 |     4 |       |       ||     6
       Confused          |       |       |       |       |       |     2 |       |       |     3 ||     5
       Betrayed ally     |       |       |       |       |       |       |       |       |     1 ||     1
  Eat: Chunk             |     4 |     9 |    30 |    26 |    36 |    24 |    17 |    20 |     7 ||   173
       Meat ration       |       |       |       |       |     1 |     2 |     1 |     3 |     3 ||    10
       Royal jelly       |       |       |       |       |       |     8 |     3 |       |       ||    11
       Bread ration      |       |       |       |       |       |       |     2 |       |       ||     2
Armor: Robe              |     4 |       |       |       |       |       |       |       |       ||     4
       Scale mail        |    72 |    92 |    65 |       |       |       |       |       |       ||   229
       Chain mail        |       |       |    51 |   240 |   542 |   117 |       |       |       ||   950
       Plate armour      |       |       |       |       |       |   806 |   542 |   515 |   318 ||  2181
Dodge: Dodged            |    68 |    80 |   100 |   251 |   315 |   354 |   288 |   229 |   144 ||  1829
Block: Buckler           |       |    14 |    75 |   200 |   231 |       |       |       |       ||   520
       Shield            |       |       |       |       |    56 |   956 |   619 |       |       ||  1631
       Reflection        |       |       |       |       |       |    55 |    43 |       |       ||    98
       Large shield      |       |       |       |       |       |       |   255 |  1254 |   693 ||  2202
       Rpst.: Scimitar   |       |       |       |       |       |     7 |       |       |       ||     7

Table legend:
 A = Spawn XP
 B = Non-spawn XP
 C = Spawn XP percentage of total XP
 D = Spawn monster count
 E = Non-spawn monster count
 F = Spawn count percentage of total count
 G = Total turns spent on level
                    A         B        C        D         E        F      G
               +---------+---------+-------+---------+---------+-------+---------
         Total |  175290 | 1097101 |  13.8 |     336 |    1829 |  15.5 | 72779
               +---------+---------+-------+---------+---------+-------+---------
           D:1 |      24 |    1781 |   1.3 |       8 |      28 |  22.2 |  1891
           D:2 |       9 |     266 |   3.3 |       5 |      18 |  21.7 |  1379
           D:3 |       2 |     383 |   0.5 |       1 |      25 |   3.8 |  1415
           D:4 |     174 |    1293 |  11.9 |       4 |      23 |  14.8 |  1064
           D:5 |     204 |     819 |  19.9 |       6 |      23 |  20.7 |  1453
           D:6 |       9 |     404 |   2.2 |       3 |       8 |  27.3 |   786
           D:7 |     139 |    1063 |  11.6 |       3 |      33 |   8.3 |   671
           D:8 |    1095 |    2750 |  28.5 |       7 |      35 |  16.7 |  1715
           D:9 |    1038 |    4051 |  20.4 |       8 |      28 |  22.2 |  1616
          D:10 |     420 |    4641 |   8.3 |       4 |      69 |   5.5 |  1364
          D:11 |       0 |    4063 |   0.0 |       0 |      37 |   0.0 |  1275
          D:12 |     596 |    3496 |  14.6 |       4 |      20 |  16.7 |  1034
          D:13 |     624 |   19640 |   3.1 |      10 |      59 |  14.5 |  1944
          D:14 |    3639 |    8571 |  29.8 |       8 |      37 |  17.8 |  2034
          D:15 |    4768 |   16043 |  22.9 |       9 |      35 |  20.5 |  1467
        Lair:1 |    3378 |    5209 |  39.3 |      16 |      22 |  42.1 |  1984
        Lair:2 |    1494 |    6275 |  19.2 |       6 |      23 |  20.7 |  1725
        Lair:3 |    1677 |    2702 |  38.3 |       5 |      15 |  25.0 |  1236
        Lair:4 |     246 |    3372 |   6.8 |       2 |      17 |  10.5 |   741
        Lair:5 |    1669 |    7337 |  18.5 |       5 |      13 |  27.8 |  1577
        Lair:6 |   12096 |   22876 |  34.6 |      25 |      75 |  25.0 |  3002
       Swamp:1 |    3811 |    6244 |  37.9 |      11 |      20 |  35.5 |  1330
       Swamp:2 |    2297 |   18145 |  11.2 |       5 |      47 |   9.6 |  1515
       Swamp:3 |    1239 |    9253 |  11.8 |       3 |      25 |  10.7 |  1538
       Swamp:4 |    2324 |   25967 |   8.2 |       9 |      45 |  16.7 |  1775
       Snake:1 |    6426 |    9933 |  39.3 |      13 |      16 |  44.8 |  1980
       Snake:2 |   13108 |   36643 |  26.3 |      22 |      49 |  31.0 |  2652
       Snake:3 |    4919 |   16597 |  22.9 |      10 |      30 |  25.0 |  1542
       Snake:4 |    2197 |   39536 |   5.3 |       4 |      72 |   5.3 |  1821
         Orc:1 |       0 |    3835 |   0.0 |       0 |      27 |   0.0 |   346
         Orc:2 |     462 |   10775 |   4.1 |       5 |      90 |   5.3 |  1428
      Vaults:1 |    4388 |   45838 |   8.7 |       7 |      82 |   7.9 |  2783
      Vaults:2 |   11132 |   56277 |  16.5 |      19 |      67 |  22.1 |  2677
      Vaults:3 |   18327 |   49331 |  27.1 |      21 |      80 |  20.8 |  2314
      Vaults:4 |     377 |   33169 |   1.1 |       1 |      47 |   2.1 |  1063
      Vaults:5 |   25734 |  166454 |  13.4 |      30 |     129 |  18.9 |  3926
      Depths:1 |    2603 |   40347 |   6.1 |       3 |      57 |   5.0 |  1781
      Depths:2 |     235 |   29074 |   0.8 |       1 |      37 |   2.6 |  1205
      Depths:3 |   16617 |   48410 |  25.6 |      18 |      61 |  22.8 |  1689
      Depths:4 |       0 |    4239 |   0.0 |       0 |      21 |   0.0 |   512
      Depths:5 |    2213 |   79056 |   2.7 |       2 |      59 |   3.3 |  2441
         Zot:1 |    3069 |   48797 |   5.9 |       1 |      27 |   3.6 |  1064
         Zot:2 |       0 |    4116 |   0.0 |       0 |       3 |   0.0 |    74
         Zot:3 |       0 |     498 |   0.0 |       0 |       1 |   0.0 |   105
         Zot:4 |       0 |   34843 |   0.0 |       0 |      23 |   0.0 |   525
         Zot:5 |   20511 |  160487 |  11.3 |      12 |      54 |  18.2 |  2537
           Lab |       0 |    1972 |   0.0 |       0 |       6 |   0.0 |   444
       Ossuary |       0 |     230 |   0.0 |       0 |      11 |   0.0 |   339
               +---------+---------+-------+---------+---------+-------+---------
